 Dungeon Crawl Stone Soup version 0.18.1-6-gd335043 (webtiles) character file.

267636 Hipnos the Demonic Catastrophe (level 19, -9/147 HPs)
             Began as a Demonspawn Fighter on May 18, 2016.
             Was an Elder of Qazlal.
             Killed from afar by a deep elf sorcerer (40 damage)
             ... with damnation
             ... on level 3 of the Elven Halls.
             The game lasted 03:10:34 (47250 turns).

Hipnos the Demonic Catastrophe (DsFi)              Turns: 47250, Time: 03:10:35

Health: -9/147     AC: 34    Str: 21    XL:     19   Next: 35%
Magic:  31/31      EV: 15    Int: 12    God:    Qazlal [****..]
Gold:   3431       SH: 22    Dex: 14    Spells: 0 memorised, 18 levels left

rFire  + + +     SeeInvis .     w - +8 eveningstar (crush)
rCold  + + +     Gourm    +     t - +7 plate armour {rF+}
rNeg   . . .     Faith    .     o - +2 shield of Resistance {rF+ rC+ MR+}
rPois  +         Spirit   .     l - +1 hat
rElec  +         Dismiss  .     e - +2 cloak of Starlight {rElec rC+ EV+4 Stlth--}
rCorr  +         Reflect  .     (gloves unavailable)
SustAt .         Harm     .     E - +0 pair of boots
MR     +++..                    U - amulet of the gourmand
Stlth  ..........               k - ring of protection from magic
                                V - ring of poison resistance

@: resistant, very slightly contaminated, repel missiles, extremely resistant to
hostile enchantments, extremely unstealthy
A: antennae 1, claws 3, rough black scales 2, clever 1, cold resistance 1,
demonic guardian 2, mutation resistance 1, nightstalker 2, freezing cloud
immunity
a: Upheaval, Elemental Force, Renounce Religion
}: 2/15 runes: decaying, gossamer


You were on level 3 of the Elven Halls.
You worshipped Qazlal.
Qazlal was greatly pleased with you.
You were very full.

You visited 7 branches of the dungeon, and saw 37 of its levels.
You visited the Abyss 1 time.

You collected 3431 gold pieces.

Inventory:

Hand Weapons
 w - a +8 eveningstar of crushing (weapon)
Armour
 e - the +2 cloak of Starlight (worn) {rElec rC+ EV+4 Stlth--}
   (You found it on level 1 of the Lair of Beasts)

   It affects your evasion (+4).
   It protects you from cold.
   It insulates you from electricity.
   It makes you much less stealthy.
 l - a +1 hat (worn)
 o - the +2 shield of Resistance (worn) {rF+ rC+ MR+}
   (You acquired it on level 3 of the Lair of Beasts)

   It protects you from fire.
   It protects you from cold.
   It affects your resistance to hostile enchantments.
 t - a +7 plate armour of fire resistance (worn)
 C - a +1 pair of gloves
 E - a +0 pair of boots (worn)
Jewellery
 a - an uncursed ring of positive energy
 c - an uncursed ring of wizardry
 h - an uncursed amulet of rage
 k - a ring of protection from magic (right claw)
 y - an uncursed ring of ice
 N - an uncursed ring of positive energy
 U - an amulet of the gourmand (around neck)
 V - a ring of poison resistance (left claw)
 W - an uncursed amulet of regeneration
Wands
 d - a wand of flame (30/48)
 r - a wand of lightning (9/15)
 G - a wand of teleportation (3/9)
 Q - a wand of digging (10/24)
Scrolls
 g - 7 scrolls of fear
 i - 14 scrolls of identify
 j - 4 scrolls of recharging
 m - 13 scrolls of remove curse
 p - 5 scrolls of blinking
 q - 11 scrolls of teleportation
 x - a scroll of enchant armour
 z - a scroll of summoning {unknown}
 H - 3 scrolls of fog
 I - 9 scrolls of magic mapping
 Z - 2 scrolls of brand weapon
Potions
 b - a potion of invisibility
 n - 8 potions of curing
 s - 8 potions of flight
 u - 6 potions of ambrosia
 v - 4 potions of berserk rage
 A - a potion of resistance
 D - 3 potions of cancellation
 M - 2 potions of agility
 P - 5 potions of brilliance
 R - 6 potions of haste
 T - a potion of magic
Comestibles
 f - 27 bread rations
 B - 5 royal jellies
 F - 17 meat rations
 J - 3 beef jerkies
 X - 52 fruits
 Y - 3 slices of pizza


   Skills:
 + Level 12.4 Fighting
 * Level 17.2 Maces & Flails
 + Level 10.9 Armour
 + Level 9.3 Dodging
 + Level 17.0 Shields
 * Level 17.5 Invocations


You had 18 spell levels left.
You didn't know any spells.

Dungeon Overview and Level Annotations

Branches:
Dungeon (15/15)            Temple (1/1) D:5            Lair (8/8) D:8
  Swamp (4/4) Lair:3       Spider (4/4) Lair:3        Slime (0/6) Lair:7
    Orc (2/2) D:11            Elf (3/3) Orc:2        Vaults (0/5) D:13
 Depths: D:15

Altars:
Ashenzari
Cheibriados
Dithmenos
Elyvilon
Fedhas
Gozag
Okawaru
Pakellas
Qazlal
Ru
Sif Muna
Trog
Vehumet
Zin
The Shining One
Beogh

Shops:
D:9 %   Orc:2 *([*!

Annotations:
D:4 exclusion: oklob plant


Innate Abilities, Weirdness & Mutations

You have claws for hands.
You are mostly covered in rough black scales (AC +7, Dex -2).
Your flesh is cold resistant.
A demonic guardian rushes to your aid.
You are significantly more attuned to the shadows.
You are immune to freezing clouds.
You have a pair of small antennae on your head.
Your mind is acute. (Int +2)
You are somewhat resistant to further mutation.


Message History

Things that are here:
a leather armour; a long sword Some walls begin to move on their own!
You hear a shout!
Items here: ))))) [ You hear rumbling.
You hear rumbling.
You hear rumbling.
Things that are here:
a ring mail; a long sword; a long sword of distortion
There is an open door, spattered with blood here.
You hear a shout!
You see here a long sword.
A deep elf sorcerer comes into view. It is wielding a long sword.
The deep elf sorcerer shouts!
You swap places.
You hear rumbling.
The deep elf sorcerer casts a spell at you.
The damnation unfurls!
The damnation engulfs you!
You die...

##.##...##.## ####.......
..#..#####..# #.......
.'##.......## #....... #
#.##.....## ##...... # #.###.###
#####'..... ### #'#..e+#
#.##.#..... §.# ##.....##
##.[....####
..#######.......######[[)..).[...
..'.....'.....§.@3..)'[....)[####
#########.......############[## #
#'.....## #{.[# .##...## ###.E# #
##### #X## #.# #(# #§#{ #3#


You could see a deep elf sorcerer and a friendly smoke demon.

Vanquished Creatures
  the Lernaean hydra (Swamp:4)
  Arachne (Spider:4)
  A Hell Sentinel (Abyss:2)
  A deep elf master archer (Elf:3)
  2 deep elf blademasters (Elf:3)
  A thorn hunter (Swamp:4)
  3 deep elf sorcerers
  6 emperor scorpions
  3 ghost moths
  4 deep elf elementalists (Elf:3)
  Louise (Swamp:4)
  A very ugly thing (Swamp:3)
  6 deep elf demonologists
  A deep elf annihilator (Elf:3)
  A spark wasp (Spider:2)
  4 deep elf death magi (Elf:3)
  Josephine (Lair:7)
  2 deep elf high priests (Elf:3)
  17 hydras
  A centaur warrior (D:14)
  A catoblepas (Lair:7)
  8 alligators
  2 death yaks (Lair:8)
  19 dancing weapons
  2 thrashing horrors (Abyss:2)
  2 orc high priests
  15 deep elf knights
  3 wretched stars (Abyss:2)
  Nergalle (D:11)
  A fire crab (Lair:6)
  A giant orange brain (Abyss:2)
  A spriggan druid (Swamp:2)
  10 swamp dragons
  2 orc knights
  A hill giant (D:11)
  4 shambling mangroves
  11 deep elf archers
  A wolf spider zombie (D:14)
  56 deep elf magi
  A necromancer (D:13)
  An oklob plant (Lair:1)
  4 orc sorcerers
  6 hornets
  3 moths of wrath
  5 ugly things
  19 orb spiders
  A griffon (Lair:7)
  32 wolf spiders
  A worldbinder (Abyss:2)
  2 manticores
  A cyclops (Orc:2)
  Maurice (D:9)
  3 elephants (Lair:8)
  2 black mambas
  Joseph (D:9)
  3 smoke demons (Abyss:2)
  3 gargoyles
  3 torpor snails (Spider:1)
  29 spiny frogs
  4 centaur skeletons
  4 rime drakes
  7 komodo dragons
  A kobold demonologist (D:11)
  12 demonic crawlers
  32 jumping spiders
  12 giant leeches
  An ancient zyme (Abyss:2)
  7 trolls
  A two-headed ogre (D:13)
  25 blink frogs
  6 bog bodies
  23 slime creatures
  5 boulder beetles
  3 air elementals
  89 redbacks
  5 water elementals
  39 tarantellas
  4 wraiths (Lair:7)
  A vampire (D:13)
  3 wyverns
  4 spriggans
  5 fire elementals
  36 yaks
  10 hippogriffs
  3 basilisks
  Grum (D:9)
  A steam dragon (D:11)
  26 vampire mosquitoes
  3 hungry ghosts
  The ghost of tix the Sneak, an amateur DsAs (D:3)
  A mottled dragon (D:11)
  A swamp worm (shapeshifter) (Elf:2)
  8 insubstantial wisps (Swamp:4)
  21 swamp worms
  A soldier ant (D:14)
  A warg (Orc:1)
  A hell hound (D:14)
  A large abomination (Abyss:2)
  4 small abominations
  8 water moccasins
  15 porcupines
  2 ice beasts
  33 orc warriors
  10 swamp drakes
  A black bear (shapeshifter) (D:14)
  20 wasps
  A slave (D:7)
  An eye of draining (D:11)
  10 ogres
  2 phantoms
  4 sky beasts
  A necrophage (D:11)
  18 wolves
  3 centaurs
  16 crocodiles
  30 giant frogs
  2 big kobolds (D:8)
  An earth elemental (Elf:2)
  2 wyvern skeletons
  A spiny frog simulacrum (Abyss:2)
  4 scorpions
  12 killer bees
  9 wights
  A howler monkey (D:11)
  8 electric eels
  7 crimson imps
  7 hounds
  4 jellies
  A centaur zombie (D:10)
  21 orc priests
  Jessica (D:2)
  15 iguanas
  22 orc wizards
  2 hell rats (Lair:7)
  10 worker ants
  18 sheep
  A hound zombie (D:8)
  2 hound skeletons
  Robin (D:4)
  3 gnolls
  10 adders
  77 river rats
  5 shadow imps
  A white imp (Abyss:2)
  3 adder skeletons
  An adder zombie (D:8)
  4 worms
  3 dart slugs
  4 giant geckos
  94 orcs
  10 giant cockroaches
  17 goblins
  11 hobgoblins
  6 jackals
  9 kobolds
  6 quokkas
  2 ball pythons
  8 bats
  A giant cockroach zombie (D:5)
  A giant gecko skeleton (D:7)
  6 giant newts
  2 quokka skeletons (D:6)
  4 rats
  13 briar patches (Swamp:4)
  2 bushes (Lair:2)
  3 butterflies (Lair:7)
  A crawling corpse (Elf:3)
  64 fungi
  54 plants
1485 creatures vanquished.

Vanquished Creatures (collateral kills)
  Nikola (Swamp:4)
  Rupert (D:12)
  A deep elf sorcerer (Elf:3)
  Donald (Elf:2)
  An orc warlord (Orc:2)
  2 emperor scorpions
  A stone giant (Orc:1)
  A dire elephant (D:13)
  Azrael (D:14)
  Erica (Orc:1)
  4 hydras
  A ghost crab (Swamp:1)
  An alligator (Swamp:1)
  3 dancing weapons
  A death yak (Lair:8)
  Urug (D:11)
  2 wizards
  3 swamp dragons (Swamp:4)
  An unseen horror (D:13)
  2 orc knights
  4 hill giants
  10 deep elf magi
  Pikel (D:7)
  5 orb spiders (Spider:4)
  A griffon (Lair:6)
  A hornet (Spider:4)
  4 ugly things
  An orc sorcerer (Orc:2)
  A manticore (D:11)
  3 wolf spiders (Spider:4)
  An elephant (Lair:8)
  A moth of wrath (Spider:4)
  2 black mambas
  A gargoyle (D:14)
  6 spiny frogs
  A centaur skeleton (D:10)
  A demonic crawler (Spider:4)
  A komodo dragon (Lair:2)
  2 trolls
  A troll (shapeshifter) (Elf:3)
  3 slime creatures
  7 blink frogs
  4 redbacks
  A spriggan (Swamp:3)
  A tarantella (Spider:4)
  The ghost of Statics the Ruffian, an amateur VSMo (D:4)
  19 yaks
  A basilisk (D:13)
  4 vampire mosquitoes (Lair:8)
  A vampire (Abyss:2)
  A hungry ghost (D:14)
  An insubstantial wisp (Swamp:4)
  3 swamp worms
  A hell hound (D:14)
  2 porcupines
  6 orc warriors
  2 slaves (D:7)
  2 wasps
  7 ogres
  6 wolves
  A centaur (D:7)
  5 giant frogs
  5 killer bees
  5 wights
  An electric eel (Lair:3)
  A crimson imp (D:10)
  3 howler monkeys (D:7)
  A hound (D:4)
  A giant frog skeleton (D:9)
  3 orc priests
  3 iguanas
  6 orc wizards
  2 worker ants
  8 gnolls (D:4)
  9 river rats
  An adder (D:11)
  A shadow imp (D:11)
  11 orcs
  A bat (D:3)
  A jackal (D:7)
  A plant (Lair:8)
221 creatures vanquished.

Vanquished Creatures (others)
  A ghost moth (Spider:4)
  A deep elf elementalist (Elf:3)
  A hornet (Spider:4)
  A smoke demon (Abyss:2)
  A jumping spider (Spider:4)
  A porcupine (Lair:2)
  2 swamp drakes (Swamp:4)
  An orc (Orc:2)
  A quokka (D:6)
  3 briar patches (Swamp:4)
  A bush (Lair:8)
  A crawling corpse (Elf:3)
  17 fungi
  11 plants
  17 toadstools (D:4)
60 creatures vanquished.

Grand Total: 1766 creatures vanquished

Notes
Turn   | Place    | Note
--------------------------------------------------------------
     0 | D:1      | Hipnos the Demonspawn Fighter began the quest for the Orb.
     0 | D:1      | Reached XP level 1. HP: 18/18 MP: 1/1
   121 | D:1      | Gained mutation: You are partially covered in rough black scales (AC +4, Dex -1). [demonic ancestry]
   121 | D:1      | Reached XP level 2. HP: 19/24 MP: 2/2
   621 | D:2      | Reached XP level 3. HP: 28/29 MP: 3/3
   633 | D:2      | Noticed Jessica
   641 | D:2      | Killed Jessica
   641 | D:2      | Reached skill level 1 in Dodging
   940 | D:2      | Gained mutation: A weak demonic guardian rushes to your aid. [demonic ancestry]
   940 | D:2      | Reached XP level 4. HP: 34/36 MP: 4/4
  1019 | D:2      | Found a blossoming altar of Fedhas.
  1806 | D:3      | Gained mutation: A demonic guardian rushes to your aid. [demonic ancestry]
  1806 | D:3      | Reached XP level 5. HP: 28/41 MP: 5/5
  1821 | D:3      | Noticed tix's ghost (amateur DsAs)
  1863 | D:3      | Killed tix's ghost
  1863 | D:3      | Gained mutation: You are mostly covered in rough black scales (AC +7, Dex -2). [demonic ancestry]
  1863 | D:3      | Reached XP level 6. HP: 22/48 MP: 6/6
  2394 | D:5      | Entered Level 5 of the Dungeon
  3351 | D:4      | Noticed Robin
  3554 | D:4      | Killed Robin
  3737 | D:4      | Gained mutation: You have sharp fingernails. [demonic ancestry]
  3737 | D:4      | Reached XP level 7. HP: 21/54 MP: 7/7
  3756 | D:4      | Noticed Statics's ghost (amateur VSMo)
  4314 | D:4      | Found a blossoming altar of Fedhas.
  4332 | D:4      | Noticed an oklob plant
  4669 | D:4      | Killed Statics's ghost
  4945 | D:5      | Found a staircase to the Ecumenical Temple.
  4950 | Temple   | Entered the Ecumenical Temple
  5031 | Temple   | Became a worshipper of Qazlal Stormbringer
  5064 | D:5      | Found a sacrificial altar of Ru.
  5237 | D:5      | Gained mutation: You are slightly more attuned to the shadows. [demonic ancestry]
  5237 | D:5      | Reached XP level 8. HP: 61/61 MP: 8/8
  5353 | D:5      | Reached skill level 5 in Maces & Flails
  5531 | D:5      | You fall through a shaft for 2 floors!
  5698 | D:7      | Reached skill level 5 in Dodging
  5826 | D:7      | Reached * piety under Qazlal
  5842 | D:7      | Reached skill level 5 in Shields
  5848 | D:7      | Noticed Pikel
  5852 | D:7      | Killed Pikel
  5872 | D:7      | Reached skill level 5 in Fighting
  6184 | D:6      | Found a white marble altar of Elyvilon.
  6284 | D:6      | Gained mutation: Your flesh is cold resistant. [demonic ancestry]
  6284 | D:6      | Reached XP level 9. HP: 63/68 MP: 9/9
  6686 | D:6      | Gained mutation: You are somewhat resistant to further mutation. [mutagenic meat]
  6687 | D:6      | Gained mutation: Your mind is acute. (Int +2) [mutagenic meat]
  6852 | D:6      | Found a shadowy altar of Dithmenos.
  7813 | D:8      | You fall through a shaft for 2 floors!
  7813 | D:10     | Entered Level 10 of the Dungeon
  7915 | D:10     | Reached skill level 1 in Invocations
  8140 | D:10     | Reached ** piety under Qazlal
  8377 | D:10     | Found a deep blue altar of Sif Muna.
  8598 | D:9      | Noticed Joseph
  8606 | D:9      | Found a radiant altar of Vehumet.
  8611 | D:9      | Killed Joseph
  8654 | D:9      | Noticed Grum
  8666 | D:9      | Killed Grum
  8668 | D:9      | Reached skill level 5 in Armour
  8744 | D:9      | Found a bloodstained altar of Trog.
  8775 | D:9      | Gained mutation: You have very sharp fingernails. [demonic ancestry]
  8775 | D:9      | Reached XP level 10. HP: 76/76 MP: 12/12
  8803 | D:9      | Noticed Maurice
  8867 | D:9      | Killed Maurice
  8976 | D:9      | Found Cuavufra's Food Shop.
  9268 | D:9      | Found a glowing silver altar of Zin.
  9404 | D:9      | Found a glowing golden altar of the Shining One.
  9633 | D:11     | Found a staircase to the Orcish Mines.
  9641 | D:11     | Noticed Nergalle
  9645 | D:11     | Noticed a hill giant
  9658 | D:11     | Noticed a hill giant
  9658 | D:11     | Killed Nergalle
  9662 | D:11     | Reached skill level 5 in Invocations
  9662 | D:11     | Killed a hill giant
  9662 | D:11     | Reached *** piety under Qazlal
  9872 | D:11     | Killed a hill giant
  9940 | D:11     | Noticed Urug
  9944 | D:11     | Noticed a red ugly thing
  9944 | D:11     | Killed Urug
  9950 | D:11     | Killed a red ugly thing
  9985 | D:11     | Gained mutation: You have claws for hands. [demonic ancestry]
  9985 | D:11     | Reached XP level 11. HP: 53/81 MP: 15/15
 10130 | D:11     | Noticed a green ugly thing
 10130 | D:11     | Noticed a purple ugly thing
 10142 | D:11     | Killed a green ugly thing
 10147 | D:11     | Killed a purple ugly thing
 10158 | D:11     | Gained mutation: You have a pair of small antennae on your head. [mutagenic meat]
 10161 | D:11     | Lost mutation: Your mind is acute. (Int +2) [mutagenic meat]
 10162 | D:11     | Gained mutation: Your mind is acute. (Int +2) [mutagenic meat]
 10996 | D:12     | Reached **** piety under Qazlal
 11023 | D:12     | Noticed a deep elf mage
 11029 | D:12     | Killed a deep elf mage
 11133 | D:12     | Noticed a brown ugly thing
 11171 | D:12     | Killed a brown ugly thing
 11429 | D:12     | Noticed a deep elf mage
 11435 | D:12     | Noticed a sun demon
 11437 | D:12     | Killed a deep elf mage
 11517 | D:12     | Noticed Rupert
 11535 | D:12     | Killed Rupert
 11835 | D:12     | Noticed an eight-headed hydra
 11839 | D:12     | Killed an eight-headed hydra
 12246 | Orc:1    | Entered Level 1 of the Orcish Mines
 12246 | Orc:1    | Noticed an orc high priest
 12246 | Orc:1    | Noticed an orc sorcerer
 12390 | Orc:1    | Noticed an orc knight
 12440 | D:11     | Killed an orc knight
 12646 | D:11     | Reached XP level 12. HP: 85/89 MP: 18/18
 12958 | D:11     | Reached skill level 10 in Shields
 13301 | Orc:1    | Killed an orc high priest
 13306 | D:11     | Reached ***** piety under Qazlal
 13503 | Orc:1    | Noticed Erica
 13512 | Orc:1    | Killed Erica
 13547 | Orc:1    | Noticed a stone giant
 13556 | Orc:1    | Killed a stone giant
 13952 | Orc:2    | Entered Level 2 of the Orcish Mines
 14700 | Orc:2    | Found a roughly hewn altar of Beogh.
 14724 | Orc:2    | Found a roughly hewn altar of Beogh.
 14734 | Orc:2    | Found Zaum's Assorted Antiques.
 15039 | Orc:2    | Found a roughly hewn altar of Beogh.
 15073 | Orc:2    | Found Voutwir's Distillery.
 15274 | Orc:2    | Found a staircase to the Elven Halls.
 15297 | Orc:2    | Found a roughly hewn altar of Beogh.
 15316 | Orc:2    | Found Ciav's General Store.
 15369 | Orc:2    | Noticed an orc warlord
 15611 | Orc:1    | Reached skill level 10 in Maces & Flails
 15797 | Orc:2    | Killed an orc warlord
 16308 | Orc:2    | Noticed an orc high priest
 16318 | Orc:2    | Killed an orc high priest
 16318 | Orc:2    | Reached skill level 10 in Invocations
 16434 | Orc:2    | Found Kuchaate's Antique Weapon Shop.
 16444 | Orc:2    | Found Ketostyq's Antique Armour Boutique.
 16445 | Orc:2    | Found a roughly hewn altar of Beogh.
 16704 | Elf:1    | Entered Level 1 of the Elven Halls
 17126 | D:13     | Reached XP level 13. HP: 97/97 MP: 20/20
 17656 | D:13     | Found a gate to the Vaults.
 18614 | D:14     | Noticed Azrael
 18643 | D:14     | Killed Azrael
 18957 | D:14     | Found a labyrinth entrance.
 19701 | D:15     | Entered Level 15 of the Dungeon
 19708 | D:15     | Noticed an emperor scorpion
 19714 | D:15     | Noticed a dire elephant
 19838 | D:13     | Killed a dire elephant
 20055 | D:14     | Killed an emperor scorpion
 20083 | D:13     | HP: 4/98 [poisoned by an emperor scorpion]
 20088 | D:13     | HP: 3/98 [poisoned by an emperor scorpion]
 20093 | D:13     | HP: 2/98 [poisoned by an emperor scorpion]
 20100 | D:13     | HP: 2/98 [poisoned by an emperor scorpion]
 20108 | D:13     | HP: 2/98 [poisoned by an emperor scorpion]
 21084 | D:8      | Found a staircase to the Lair.
 21099 | D:8      | Got a fine chain mail
 21112 | D:8      | Identified the +1 chain mail "Nioteluf" {+Inv rF- Regen+ SInv} (You found it on level 8 of the Dungeon)
 21140 | D:8      | Found a radiant altar of Vehumet.
 21625 | D:8      | Found a blossoming altar of Fedhas.
 21740 | Lair:1   | Entered Level 1 of the Lair of Beasts
 22279 | Lair:1   | Found a white marble altar of Elyvilon.
 23143 | Lair:2   | Reached XP level 14. HP: 74/106 MP: 22/22
 24503 | Lair:3   | Reached ****** piety under Qazlal
 24674 | Lair:3   | Found a hole to the Spider Nest.
 24763 | Lair:3   | Found a staircase to the Swamp.
 26193 | Lair:5   | Got a translucent leather armour
 28226 | Lair:7   | Noticed Josephine
 28265 | Lair:7   | Killed Josephine
 28726 | Lair:7   | Found a staircase to the Slime Pits.
 29308 | Lair:8   | Entered Level 8 of the Lair of Beasts
 29424 | Lair:8   | Identified a scroll of acquirement
 29471 | Lair:8   | Gained mutation: You are immune to freezing clouds. [demonic ancestry]
 29471 | Lair:8   | Reached XP level 15. HP: 69/113 MP: 24/24
 30214 | Lair:8   | Identified Mexe's Incunabulum of Stones and Flames
 30732 | Lair:1   | Identified the cursed +0 leather armour "Xienacacwu" {*Corrode +Fly rN++ Str+4} (You found it on level 5 of the Lair of Beasts)
 30855 | Swamp:1  | Entered Level 1 of the Swamp
 33090 | Swamp:3  | Reached skill level 10 in Fighting
 33862 | Swamp:4  | Entered Level 4 of the Swamp
 33954 | Swamp:4  | Reached XP level 16. HP: 76/122 MP: 26/26
 34023 | Swamp:4  | Noticed Louise
 34053 | Swamp:4  | Killed Louise
 34329 | Swamp:4  | Noticed a thorn hunter
 34340 | Swamp:4  | Noticed Nikola
 34351 | Swamp:4  | Killed Nikola
 34359 | Swamp:4  | Killed a thorn hunter
 34966 | Swamp:4  | Noticed the 27-headed Lernaean hydra
 34972 | Swamp:4  | Killed the 27-headed Lernaean hydra
 34972 | Swamp:4  | Reached skill level 15 in Shields
 34972 | Swamp:4  | Reached skill level 15 in Invocations
 35077 | Swamp:4  | Got a decaying rune of Zot
 35266 | Spider:1 | Entered Level 1 of the Spider Nest
 37123 | Spider:2 | Reached skill level 10 in Armour
 37388 | Spider:2 | Gained mutation: You are significantly more attuned to the shadows. [demonic ancestry]
 37388 | Spider:2 | Reached XP level 17. HP: 130/130 MP: 28/28
 39299 | Spider:4 | Entered Level 4 of the Spider Nest
 39962 | Spider:3 | Reached skill level 15 in Maces & Flails
 40363 | Spider:4 | Got a spiked helmet
 40891 | Spider:4 | Noticed Arachne
 41386 | Spider:4 | Killed Arachne
 41972 | Spider:4 | Reached XP level 18. HP: 138/138 MP: 30/30
 42073 | Spider:4 | Got a gossamer rune of Zot
 43977 | Elf:2    | Found a huge runed gate.
 43977 | Elf:2    | Found a huge runed gate.
 43977 | Elf:2    | Found a huge runed gate.
 43978 | Elf:2    | Found a huge runed gate.
 43978 | Elf:2    | Found a huge runed gate.
 44073 | Elf:2    | Noticed Donald
 44082 | Elf:2    | Cast into level 2 of the Abyss (Donald)
 44085 | Abyss:2  | Found a corrupted altar of Lugonu.
 44198 | Abyss:2  | Found a blossoming altar of Fedhas.
 44218 | Abyss:2  | Found a blossoming altar of Fedhas.
 44264 | Abyss:2  | Noticed a Hell Sentinel
 44289 | Abyss:2  | Killed a Hell Sentinel
 44353 | Elf:2    | Escaped the Abyss
 44358 | Elf:2    | Killed Donald
 45889 | Elf:3    | Entered Level 3 of the Elven Halls
 46238 | Elf:3    | Reached XP level 19. HP: 144/146 MP: 31/31
 47217 | Elf:3    | Noticed a Tzitzimitl
 47250 | Elf:3    | Killed from afar by a deep elf sorcerer

Skill      XL: |  1  2  3  4  5  6  7  8  9 10 11 12 13 14 15 16 17 18 19 |
---------------+----------------------------------------------------------+-----
Maces & Flails | 2 3 4 6 7 8 9 10 11 12 13 14 15 16 17 | 17.2
Dodging        | 1 2 3 4 5 6 7 8 9 |  9.3
Shields        | 3 4 5 6 8 9 11 12 13 14 15 16 17 | 17.0
Fighting       | 4 5 6 7 8 9 10 11 12 | 12.4
Armour         | 3 5 6 7 8 9 10 | 10.9
Invocations    | 3 6 8 10 11 12 14 15 16 17 | 17.5

Action                   |  1- 3 |  4- 6 |  7- 9 | 10-12 | 13-15 | 16-18 | 19-21 || total
-------------------------+-------+-------+-------+-------+-------+-------+-------++-------
Melee: Flail             |   128 |   261 |   193 |       |       |       |       ||   582
       Whip              |       |       |   265 |  1279 |  1748 |       |       ||  3292
       Eveningstar       |       |       |       |       |   613 |  1635 |   124 ||  2372
Invok: Upheaval          |       |       |       |    13 |     4 |     3 |       ||    20
       Elemental Force   |       |       |       |     2 |     1 |       |       ||     3
       Disaster Area     |       |       |       |       |     8 |    10 |     3 ||    21
  Use: Potion            |       |     5 |       |     4 |     8 |    16 |     3 ||    36
       Scroll            |       |     6 |     2 |    12 |    22 |    11 |     1 ||    54
 Stab: Paralysed         |       |       |     1 |       |       |       |       ||     1
       Distracted        |       |       |     1 |     1 |     4 |     5 |       ||    11
       Sleeping          |       |       |     1 |       |       |       |       ||     1
  Eat: Chunk             |       |     9 |    21 |    35 |    50 |    63 |     2 ||   180
       Fruit             |       |       |     1 |       |       |       |       ||     1
       Pizza             |       |       |       |       |     2 |     3 |       ||     5
       Beef jerky        |       |       |       |       |     1 |       |       ||     1
Armor: Scale mail        |    64 |       |       |       |       |       |       ||    64
       Leather armour    |    27 |   160 |    52 |       |       |       |       ||   239
       Shadow dragon arm |       |       |   116 |   251 |       |       |       ||   367
       Chain mail        |       |       |       |    97 |       |       |       ||    97
       Plate armour      |       |       |       |    10 |   787 |   801 |    25 ||  1623
Dodge: Dodged            |    67 |   126 |   122 |   260 |   484 |   491 |    13 ||  1563
       Deflected         |       |       |       |    11 |     5 |    24 |     4 ||    44
Block: Shield            |    90 |   148 |   200 |   874 |  2170 |  1827 |    82 ||  5391
